 Dungeon Crawl Stone Soup version 0.27-a0-705-ga0013940fb (webtiles) character file.

Game seed: 10927296691484008964

1634 porpoise the Conjurer (level 8, -3/49 HPs)
             Began as a Tengu Conjurer on Mar 23, 2021.
             Slain by a yak (14 damage)
             ... on level 5 of the Dungeon.
             The game lasted 00:33:42 (9799 turns).

porpoise the Conjurer (Tengu Conjurer)              Turns: 9799, Time: 00:33:43

Health: -3/49      AC:  2    Str:  7    XL:     8   Next: 98%
Magic:  11/16      EV: 16    Int: 21    God:
Gold:   121        SH:  0    Dex: 13    Spells: 1/17 levels left

rFire    . . .     SeeInvis .   a - +2 spear (venom)
rCold    . . .     Faith    .   (no shield)
rNeg     + . .     Spirit   .   g - +0 robe
rPois    .         Reflect  .   (helmet restricted)
rElec    .         Harm     .   (no cloak)
rCorr    .         Rampage  .   (no gloves)
Will     .....                  (boots unavailable)
Stlth    ++........             (no amulet)
HPRegen  0.16/turn              p - ring of positive energy
MPRegen  0.15/turn              (no ring)

@: flying quickly and evasively, quick
A: beak, talons 3, able to fly
a: Stop Flying


You were on level 5 of the Dungeon.
You visited 1 branch of the dungeon, and saw 6 of its levels.

You collected 241 gold pieces.
You spent 120 gold pieces at shops.

Inventory:

Hand Weapons
 a - a +2 spear of venom (weapon)
 b - a +0 hunting sling
 x - a +1 trident of freezing
 y - a +4 short sword
 z - the +3 dagger of Experimentation {vorpal, Int+4 Dex+4}
   (You took it off a gnoll shaman on level 5 of the Dungeon)

   It inflicts extra damage upon your enemies.
   It affects your intelligence (+4).
   It affects your dexterity (+4).
Missiles
 f - 109 stones
 j - 15 sling bullets
 q - 25 bolts
Armour
 g - a +0 robe (worn)
Jewellery
 e - an amulet of guardian spirit
 p - a ring of positive energy (right hand)
 u - an amulet of faith
Wands
 n - a wand of iceblast (7)
Scrolls
 c - a scroll of acquirement {unknown}
 d - a scroll of identify {unknown}
 h - a scroll of immolation {unknown}
 k - a scroll of fear
 t - a scroll of enchant weapon {unknown}
 v - 2 scrolls of vulnerability
 w - a scroll of blinking {unknown}
Potions
 i - a potion of might {unknown}
 l - a potion of resistance {unknown}
 m - 2 potions of haste
 o - a potion of attraction {unknown}
 r - a potion of brilliance {unknown}
 s - a potion of invisibility {unknown}


   Skills:
 - Level 5.0 Fighting
 - Level 5.0 Dodging
 - Level 2.0 Stealth
 + Level 5.0 Spellcasting
 - Level 7.0 Conjurations
 + Level 4.6 Hexes


You had one spell level left.
You knew the following spells:

 Your Spells              Type           Power      Damage    Failure   Level
a - Magic Dart            Conj           100%       1d8       1%          1
b - Searing Ray           Conj           68%        3d5       1%          2
c - Fulminant Prism       Conj/Hex       14%        3d9       10%         4
d - Iskenderun's Mystic   Conj/Tloc      19%        2d6       26%         4
k - Blink                 Tloc           N/A        N/A       16%         2
m - Mephitic Cloud        Conj/Pois/Air  15%        N/A       13%         3

Your spell library contained the following spells:

 Spells                   Type           Power      Damage    Failure   Level
 Slow                     Hex            24%        N/A       2%          2
 Dazzling Flash           Conj/Hex       58%        N/A       3%          3
 Conjure Flame            Conj/Fire      19%        6-21      8%          3
 Call Imp                 Summ           5%         N/A       16%         2


Dungeon Overview and Level Annotations

Branches:
Dungeon (6/15)
 Temple: D:4-7

Altars:
Elyvilon
Uskayaw
The Shining One

Shops:
D:3 (   D:4 *!

Annotations:
D:6 exclusion: 2 doors


Innate Abilities, Weirdness & Mutations

You have a beak for a mouth.
You have claws for feet.
You can fly continuously.


Message History

The searing ray hits the yak!
You kill the yak!
Training target 5.0 for Dodging reached!
Your Dodging skill increases to level 5!
Items here: ) [ ††.
You start resting.
HP restored.
You start resting.
Magic restored.
There is a stone staircase leading down, spattered with blood here.
You fly downwards.
Level annotation: exclusion: 2 doors
There is a stone staircase leading up here.
A yak comes into view.
The yak bellows!
The yak bellows!
You hear a bellow!
There is a stone staircase leading up here.
The yak gores you!
You fly upwards.
There is a stone staircase leading down, spattered with blood here.
Casting: Searing Ray (safe; 1% risk of failure)
Confirm with . or Enter, or press ? or * to list all spells.
Aiming: Searing Ray (safe; 1% risk of failure)
Press: ? - help, Shift-Dir - straight line, f - yak
Aim: a yak (12% to evade)
The searing ray hits the yak.
The yak is lightly wounded. (Press . to maintain the ray.)
The yak barely misses you.
The searing ray hits the yak.
The yak is moderately wounded.
The yak gores you!
The searing ray hits the yak!
The yak is heavily wounded.
The yak gores you!
* * * LOW HITPOINT WARNING * * *
The searing ray hits the yak!
The yak is almost dead.
You finish channeling your searing ray.
The yak gores you!
You die...

#.# #.##.# #.###
#.# #.##.# #...#
#.# #....# ###.#
#.##############
#.#
...............#
#.#
#.############.#
#.# ..# #.# #.#
###
#.##########.#
#..@Y.[[.....#
##############


You could see a yak.

Vanquished Creatures
  A yak (D:5)
  Purgy (D:4)
  A phantom (D:6)
  A gnoll sergeant (D:6)
  A bullfrog (D:5)
  A scorpion (D:5)
  5 wights
  2 jellies
  A bullfrog zombie (D:6)
  A gnoll shaman (D:5)
  A hound (D:5)
  A bullfrog skeleton (D:6)
  4 orc priests
  6 worker ants
  8 orc wizards
  9 adders
  6 gnolls
  2 white imps (D:5)
  2 ufetubi (D:6)
  3 adder skeletons
  4 worms
  3 dart slugs
  8 orcs
  11 giant cockroaches
  9 goblins
  6 hobgoblins
  11 jackals
  9 oozes
  4 quokkas
  6 ball pythons
  5 bats
  3 frilled lizards
  A jackal skeleton (D:5)
  A jackal zombie (D:6)
  6 kobolds (D:2)
  A quokka skeleton (D:4)
  9 rats
154 creatures vanquished.

Vanquished Creatures (others)
  A ball python (D:3)
  A bat (D:3)
  A fulminant prism (D:6)
3 creatures vanquished.

Grand Total: 157 creatures vanquished

Notes
Turn   | Place    | Note
-------+----------+-------------------------------------------
     0 | D:1      | porpoise the Tengu Conjurer began the quest for the Orb.
     0 | D:1      | Reached XP level 1. HP: 10/10 MP: 4/4
     1 | D:1      | Found a runed translucent door.
     7 | D:1      | Noticed a jelly
   337 | D:1      | Reached XP level 2. HP: 7/15 MP: 1/6
   487 | D:1      | Learned a level 2 spell: Searing Ray
  1328 | D:2      | Reached XP level 3. HP: 15/19 MP: 7/7
  1536 | D:2      | Reached skill level 6 in Conjurations
  1768 | D:2      | Found a glowing golden altar of the Shining One.
  1940 | D:2      | Reached XP level 4. HP: 24/24 MP: 9/9
  2118 | D:2      | Learned a level 4 spell: Fulminant Prism
  2847 | D:3      | Found Zaame's Antique Weapon Boutique.
  3182 | D:3      | Found a white marble altar of Elyvilon.
  3198 | D:3      | You fall into a shaft and drop 2 floors!
  3198 | D:5      | Entered Level 5 of the Dungeon
  3421 | D:5      | Gained mutation: You can fly continuously. [Tengu growth]
  3421 | D:5      | Reached XP level 5. HP: 28/28 MP: 6/11
  3815 | D:5      | Reached skill level 7 in Conjurations
  3910 | D:4      | Found Urphodaq's Distillery.
  3959 | D:4      | Reached skill level 1 in Fighting
  4007 | D:4      | Bought a potion of degeneration for 10 gold pieces
  4021 | D:4      | Noticed Purgy
  4028 | D:4      | Killed Purgy
  4029 | D:4      | Reached XP level 6. HP: 34/35 MP: 4/13
  4634 | D:4      | Found Fobe's Assorted Antiques.
  4640 | D:4      | Bought a bubbling black potion for 26 gold pieces
  4640 | D:4      | Bought a yellow potion for 26 gold pieces
  4640 | D:4      | Bought a scroll labelled ZEMNARPH VUXT for 29 gold pieces
  4640 | D:4      | Bought a scroll labelled JEMNIOTUDGHO for 29 gold pieces
  4696 | D:4      | Learned a level 3 spell: Mephitic Cloud
  4701 | D:4      | Learned a level 4 spell: Iskenderun's Mystic Blast
  4705 | D:4      | Found a hide-covered altar of Uskayaw.
  5022 | D:4      | Reached skill level 5 in Spellcasting
  5022 | D:4      | Reached XP level 7. HP: 18/41 MP: 7/15
  5575 | D:5      | Reached skill level 1 in Hexes
  6110 | D:5      | Learned a level 2 spell: Blink
  6560 | D:5      | Reached XP level 8. HP: 38/48 MP: 10/16
  6759 | D:5      | Reached skill level 5 in Fighting
  8390 | D:6      | Noticed a yak
  8390 | D:6      | Noticed a yak
  8390 | D:6      | Noticed a yak
  8390 | D:6      | Noticed a yak
  9482 | D:6      | Noticed a yak
  9482 | D:6      | Identified the +3 dagger of Experimentation {vorpal, Int+4
                  | Dex+4}
  9727 | D:5      | Killed a yak
  9728 | D:5      | Reached skill level 5 in Dodging
  9782 | D:6      | Noticed a yak
  9799 | D:5      | Slain by a yak

Illustrated notes

Levels and vault maps discovered:
D:1:      dpeg_arrival_caged_fury, layout_basic
D:2:      cheibrodos_greedy_goblins, layout_basic, general_overflow_altar
D:3:      layout_loops_ring, serial_shops, shop, kennysheep_nub,
          elyvilon_altar_4
D:4:      layout_cave_pools, nicolae_overflow_hidden_temple, serial_shops, shop,
          shop, kennysheep_path_1, uniq_purgy
D:5:      layout_loops_ring
D:6:      layout_rooms, grunt_potential

Skill      XL: |  1  2  3  4  5  6  7  8 |
---------------+-------------------------+-----
Conjurations   | 6 7 |  7.0
Spellcasting   | 3 4 5 |  5.0
Fighting       | 2 3 4 5 |  5.0
Hexes          | 2 4 |  4.6
Dodging        | 5 |  5.0
Stealth        | |  2.0

Action                   |  1- 3 |  4- 6 |  7- 9 || total
-------------------------+-------+-------+-------++-------
Melee: Flail             |     4 |       |       ||     4
       Short sword       |    15 |    20 |    27 ||    62
       Peck              |     2 |     1 |     3 ||     6
       Kick              |     1 |     3 |     4 ||     8
       Spear             |       |       |     9 ||     9
 Fire: Hunting sling     |       |    73 |    38 ||   111
Throw: Stone             |     1 |       |       ||     1
 Cast: Magic Dart        |    43 |    14 |    35 ||    92
       Searing Ray       |     3 |    20 |    36 ||    59
       Blink             |       |       |     5 ||     5
       Fulminant Prism   |       |       |     1 ||     1
 Abil: Fly               |       |     1 |       ||     1
  Use: Scroll            |       |     1 |     1 ||     2
       Potion            |       |       |     1 ||     1
 Stab: Sleeping          |     1 |     2 |       ||     3
Armor: Robe              |     4 |     4 |     6 ||    14
Dodge: Dodged            |    14 |    23 |    91 ||   128

Table legend: (Time is in decaauts)
 A = Elapsed time spent in this place.
 B = Non-inter-level travel time spent in this place.
 C = Inter-level travel time spent in this place.
 D = Time resting spent in this place.
 E = Time spent auto-exploring this place.
 F = Levels seen in this place.
 G = Mean time per level.
                   A        B        C        D        E       F      G
               +--------+--------+--------+--------+--------+-----+--------+
         Total |   9554 |   9104 |    450 |   4418 |   3168 |   6 | 1592.3 |
       Dungeon |   9554 |   9104 |    450 |   4418 |   3168 |   6 | 1592.3 |
               +--------+--------+--------+--------+--------+-----+--------+

Top non-repeatable levels by time:
     D:5: 3223 daAuts
     D:2: 1772 daAuts
     D:4: 1370 daAuts
     D:1: 1348 daAuts
     D:6: 1163 daAuts
     D:3: 675 daAuts
